[ AOE2 MATCH · #504642481 ]
UnrankedHindustanis vs Poles
Player's team · LOSS
Rival team · WIN
[ REPLAY ANALYSIS · EXTRACTED FROM THE RECORDED GAME ]
Feudal
9:12
Castle
19:21
Imperial
28:41
| APM avg | 46.7 |
| APM peak | 106 |
| eAPM avg | 23.3 |
| Villagers / military | 103 / 51 |
Focus
⚔️ 17.7% · 🌾 82.3%
Skirmisher ×20 · Ghulam ×14 · Hand Cannoneer ×5 · Monk ×4 · Bombard Cannon ×4 · Mangonel ×2
Feudal
8:51
Castle
20:29
Imperial
28:50
| APM avg | 54.9 |
| APM peak | 126 |
| eAPM avg | 34.0 |
| Villagers / military | 123 / 88 |
Focus
⚔️ 31.0% · 🌾 69.0%
Archer ×40 · Obuch ×33 · Trebuchet (Packed) ×7 · Monk ×4 · Mangonel ×3 · Spearman ×1
Match map
Initial resources + every placement click. Lines = walls · curves = elevation contours. ◆ gold · ⬟ stone · ● berries · ✦ relic · ◌ wall gap
Your base· ✓ Closed at 19:21 · 1t walls · 2 gate(s)
Potro Occidental's base· ✓ Closed at 20:29 · 0t walls · 2 gate(s)
Smoothed initial terrain · ◌ = detected wall gap · hover for details
Inputs per minute
— Aron - - Potro Occidental
Build order — Aron
First 150 of 251 actions detected
| 0:01 | Build | House |
| 0:04 | Build | House |
| 0:04 | Queue | Villager (Male) |
| 0:04 | Queue | Villager (Male) |
| 0:08 | Queue | Villager (Male) |
| 0:08 | Queue | Villager (Male) |
| 0:08 | Queue | Villager (Male) |
| 1:06 | Queue | Villager (Male) |
| 1:31 | Queue | Villager (Male) |
| 1:31 | Queue | Villager (Male) |
| 1:55 | Build | Lumber Camp |
| 2:14 | Build | House |
| 2:19 | Queue | Villager (Male) |
| 2:19 | Queue | Villager (Male) |
| 2:22 | Build | House |
| 2:44 | Queue | Villager (Male) |
| 2:44 | Queue | Villager (Male) |
| 3:20 | Queue | Villager (Male) |
| 3:20 | Queue | Villager (Male) |
| 3:35 | Queue | Villager (Male) |
| 3:35 | Queue | Villager (Male) |
| 4:01 | Queue | Villager (Male) |
| 4:01 | Queue | Villager (Male) |
| 4:01 | Queue | Villager (Male) |
| 4:06 | Queue | Villager (Male) |
| 4:06 | Queue | Villager (Male) |
| 4:06 | Queue | Villager (Male) |
| 4:34 | Queue | Villager (Male) |
| 4:34 | Queue | Villager (Male) |
| 4:34 | Queue | Villager (Male) |
| 4:34 | Queue | Villager (Male) |
| 4:50 | Queue | Villager (Male) |
| 4:50 | Queue | Villager (Male) |
| 5:01 | Build | Mill |
| 5:46 | Queue | Villager (Male) |
| 6:02 | Research | Loom |
| 7:02 | Research | Feudal Age |
| 7:02 | Research | Feudal Age |
| 7:06 | Build | Mining Camp |
| 7:29 | Queue | Villager (Male) |
| 8:52 | Queue | Villager (Male) |
| 9:12 | Age | Feudal Age |
| 9:22 | Build | Blacksmith |
| 9:27 | Research | Loom |
| 9:31 | Research | Double-Bit Axe |
| 9:46 | Build | Watch Tower |
| 9:53 | Build | Watch Tower |
| 9:53 | Queue | Villager (Male) |
| 9:53 | Queue | Villager (Male) |
| 9:59 | Build | Palisade Wall |
| 10:08 | Queue | Villager (Male) |
| 10:29 | Research | Fletching |
| 11:09 | Build | Mill |
| 11:10 | Queue | Villager (Male) |
| 11:35 | Build | Mining Camp |
| 11:41 | Queue | Villager (Male) |
| 11:41 | Queue | Villager (Male) |
| 11:47 | Build | House |
| 11:51 | Build | House |
| 12:12 | Queue | Villager (Male) |
| 12:12 | Queue | Villager (Male) |
| 12:26 | Build | Watch Tower |
| 12:34 | Build | Farm |
| 12:44 | Build | Market |
| 12:45 | Queue | Villager (Male) |
| 13:05 | Build | Farm |
| 13:14 | Queue | Villager (Male) |
| 13:14 | Queue | Villager (Male) |
| 13:14 | Queue | Villager (Male) |
| 13:25 | Queue | Villager (Male) |
| 13:25 | Queue | Villager (Male) |
| 13:27 | Build | Farm |
| 13:32 | Build | Farm |
| 13:52 | Build | House |
| 14:00 | Queue | Villager (Male) |
| 14:00 | Queue | Villager (Male) |
| 14:27 | Queue | Villager (Male) |
| 14:27 | Queue | Villager (Male) |
| 14:35 | Build | Farm |
| 14:56 | Build | Farm |
| 15:01 | Build | Farm |
| 15:02 | Queue | Villager (Male) |
| 15:12 | Build | Farm |
| 15:27 | Build | Farm |
| 16:41 | Research | Castle Age |
| 17:02 | Research | Horse Collar |
| 17:26 | Research | Gold Mining |
| 17:40 | Build | Farm |
| 17:58 | Build | Farm |
| 18:23 | Build | House |
| 18:24 | Build | House |
| 18:34 | Queue | Villager (Male) |
| 19:02 | Queue | Villager (Male) |
| 19:21 | Age | Castle Age |
| 19:21 | Research | Bodkin Arrow |
| 19:36 | Build | Castle |
| 19:39 | Queue | Villager (Male) |
| 19:50 | Build | Town Center |
| 19:57 | Queue | Villager (Male) |
| 19:57 | Queue | Villager (Male) |
| 20:09 | Queue | Villager (Male) |
| 20:21 | Research | Scale Mail Armor |
| 20:21 | Research | Scale Mail Armor |
| 20:29 | Build | Monastery |
| 20:30 | Queue | Villager (Male) |
| 20:30 | Queue | Villager (Male) |
| 20:30 | Queue | Villager (Male) |
| 20:41 | Queue | Ghulam |
| 20:41 | Queue | Ghulam |
| 20:43 | Queue | Villager (Male) |
| 20:43 | Queue | Villager (Male) |
| 21:15 | Build | House |
| 21:23 | Queue | Villager (Male) |
| 21:27 | Build | Farm |
| 21:29 | Queue | Monk |
| 21:36 | Build | Stone Wall |
| 21:39 | Build | Stone Wall |
| 21:48 | Build | Stone Wall |
| 21:50 | Build | Stone Wall |
| 21:58 | Build | Siege Workshop |
| 22:22 | Build | Farm |
| 22:42 | Build | Stone Wall |
| 22:51 | Queue | Mangonel |
| 23:28 | Build | Farm |
| 23:36 | Queue | Ghulam |
| 23:41 | Queue | Monk |
| 24:13 | Queue | Monk |
| 24:18 | Build | House |
| 24:19 | Build | House |
| 25:31 | Research | Imperial Age |
| 25:36 | Build | Stone Wall |
| 25:42 | Queue | Villager (Male) |
| 25:42 | Queue | Villager (Male) |
| 25:42 | Queue | Villager (Male) |
| 25:56 | Build | House |
| 26:13 | Queue | Mangonel |
| 26:20 | Queue | Villager (Male) |
| 26:20 | Queue | Villager (Male) |
| 26:34 | Queue | Villager (Male) |
| 26:45 | Queue | Ghulam |
| 26:45 | Queue | Ghulam |
| 26:45 | Queue | Ghulam |
| 26:45 | Queue | Ghulam |
| 26:45 | Queue | Ghulam |
| 26:50 | Queue | Ghulam |
| 26:50 | Queue | Ghulam |
| 26:57 | Build | Farm |
| 27:12 | Queue | Ghulam |
| 27:12 | Queue | Ghulam |
| 27:23 | Build | University |
Build order — Potro Occidental
First 150 of 341 actions detected
| 0:01 | Queue | Villager (Male) |
| 0:02 | Queue | Villager (Male) |
| 0:02 | Queue | Villager (Male) |
| 0:02 | Queue | Villager (Male) |
| 0:02 | Queue | Villager (Male) |
| 0:04 | Build | House |
| 0:05 | Build | House |
| 1:27 | Queue | Villager (Male) |
| 1:27 | Queue | Villager (Male) |
| 1:46 | Queue | Villager (Male) |
| 1:46 | Queue | Villager (Male) |
| 2:24 | Queue | Villager (Male) |
| 2:25 | Queue | Villager (Male) |
| 2:25 | Queue | Villager (Male) |
| 2:38 | Build | Lumber Camp |
| 3:05 | Queue | Villager (Male) |
| 3:05 | Queue | Villager (Male) |
| 3:05 | Queue | Villager (Male) |
| 3:28 | Queue | Villager (Male) |
| 3:28 | Queue | Villager (Male) |
| 3:48 | Build | House |
| 4:36 | Queue | Villager (Male) |
| 4:36 | Queue | Villager (Male) |
| 5:24 | Queue | Villager (Male) |
| 5:31 | Build | Mining Camp |
| 5:50 | Queue | Villager (Male) |
| 6:16 | Research | Loom |
| 6:36 | Research | Feudal Age |
| 6:36 | Research | Feudal Age |
| 7:06 | Build | Mill |
| 8:25 | Queue | Villager (Male) |
| 8:34 | Queue | Villager (Male) |
| 8:51 | Age | Feudal Age |
| 8:53 | Research | Double-Bit Axe |
| 8:53 | Research | Double-Bit Axe |
| 8:56 | Queue | Villager (Male) |
| 9:00 | Build | Watch Tower |
| 9:38 | Queue | Villager (Male) |
| 9:53 | Build | House |
| 10:12 | Queue | Villager (Male) |
| 10:22 | Queue | Villager (Male) |
| 10:49 | Build | Watch Tower |
| 11:02 | Build | Farm |
| 11:27 | Build | Mining Camp |
| 11:34 | Queue | Villager (Male) |
| 11:36 | Build | Farm |
| 11:37 | Build | Farm |
| 11:39 | Queue | Villager (Male) |
| 11:53 | Build | Blacksmith |
| 11:55 | Queue | Villager (Male) |
| 12:04 | Build | House |
| 12:06 | Queue | Villager (Male) |
| 12:16 | Build | Watch Tower |
| 12:31 | Build | Farm |
| 12:32 | Queue | Villager (Male) |
| 12:45 | Queue | Villager (Male) |
| 12:50 | Build | House |
| 12:52 | Queue | Villager (Male) |
| 13:06 | Queue | Villager (Male) |
| 13:10 | Build | Farm |
| 13:18 | Research | Fletching |
| 13:19 | Research | Fletching |
| 13:19 | Research | Fletching |
| 13:24 | Queue | Villager (Male) |
| 13:28 | Build | Farm |
| 13:39 | Queue | Villager (Male) |
| 13:47 | Queue | Villager (Male) |
| 14:00 | Build | Watch Tower |
| 14:01 | Queue | Villager (Male) |
| 14:16 | Queue | Villager (Male) |
| 14:24 | Build | Mill |
| 14:36 | Build | House |
| 14:40 | Queue | Villager (Male) |
| 14:58 | Build | Farm |
| 15:04 | Queue | Villager (Male) |
| 15:17 | Queue | Villager (Male) |
| 15:26 | Build | Watch Tower |
| 15:28 | Queue | Villager (Male) |
| 15:36 | Queue | Villager (Male) |
| 15:51 | Build | Market |
| 15:53 | Queue | Villager (Male) |
| 16:02 | Queue | Villager (Male) |
| 16:10 | Queue | Villager (Male) |
| 16:20 | Build | Farm |
| 16:26 | Build | Farm |
| 16:30 | Queue | Villager (Male) |
| 16:42 | Queue | Villager (Male) |
| 17:19 | Queue | Villager (Male) |
| 17:22 | Build | Farm |
| 17:40 | Research | Castle Age |
| 17:40 | Research | Castle Age |
| 18:00 | Build | Barracks |
| 18:15 | Research | Horse Collar |
| 18:15 | Research | Horse Collar |
| 18:39 | Build | Lumber Camp |
| 18:53 | Queue | Villager (Male) |
| 18:58 | Build | House |
| 19:03 | Queue | Spearman |
| 19:21 | Build | Farm |
| 19:47 | Build | Farm |
| 19:50 | Build | Farm |
| 20:05 | Build | Outpost |
| 20:29 | Age | Castle Age |
| 20:31 | Build | Mining Camp |
| 20:32 | Queue | Villager (Male) |
| 20:41 | Build | Castle |
| 20:47 | Build | Outpost |
| 20:49 | Queue | Villager (Male) |
| 20:52 | Build | Farm |
| 20:54 | Queue | Villager (Male) |
| 21:03 | Queue | Villager (Male) |
| 21:14 | Build | Outpost |
| 21:34 | Build | Lumber Camp |
| 21:37 | Queue | Villager (Male) |
| 21:51 | Queue | Villager (Male) |
| 21:58 | Research | Bow Saw |
| 21:58 | Research | Bow Saw |
| 21:58 | Research | Bow Saw |
| 21:58 | Research | Bow Saw |
| 22:15 | Queue | Villager (Male) |
| 22:24 | Queue | Villager (Male) |
| 22:38 | Build | Siege Workshop |
| 22:45 | Queue | Villager (Male) |
| 22:55 | Build | Farm |
| 23:05 | Build | Farm |
| 23:23 | Queue | Mangonel |
| 23:31 | Build | Farm |
| 23:45 | Queue | Villager (Male) |
| 23:54 | Queue | Villager (Male) |
| 24:14 | Build | Monastery |
| 24:18 | Queue | Obuch |
| 24:33 | Queue | Villager (Male) |
| 24:41 | Queue | Monk |
| 24:49 | Queue | Monk |
| 25:10 | Queue | Villager (Male) |
| 25:40 | Research | Imperial Age |
| 25:40 | Research | Imperial Age |
| 25:51 | Build | Archery Range |
| 25:55 | Build | Archery Range |
| 26:01 | Build | Mining Camp |
| 26:03 | Research | Gold Mining |
| 26:03 | Research | Gold Mining |
| 26:06 | Research | Stone Mining |
| 26:06 | Research | Stone Mining |
| 26:16 | Build | Archery Range |
| 26:34 | Queue | Villager (Male) |
| 26:45 | Queue | Obuch |
| 26:58 | Queue | Villager (Male) |
| 27:14 | Build | Archery Range |
| 27:15 | Queue | Villager (Male) |
Match timeline
| 8:51 | Potro Occidental · age_up feudal |
| 9:12 | Aron · age_up feudal |
| 9:59 | Aron · wall_segment Palisade Wall x1 |
| 13:57 | Aron · first_market_sell 500 stone |
| 13:58 | Aron · first_market_buy 500 food |
| 18:00 | Potro Occidental · first_building Barracks |
| 19:21 | Aron · age_up castle |
| 19:36 | Aron · first_building Castle |
| 20:29 | Potro Occidental · age_up castle |
| 20:29 | Aron · first_building Monastery |
| 20:41 | Potro Occidental · first_building Castle |
| 21:36 | Aron · wall_segment Stone Wall x3 |
| 21:39 | Aron · wall_segment Stone Wall x10 |
| 21:48 | Aron · wall_segment Stone Wall x4 |
| 21:50 | Aron · wall_segment Stone Wall x4 |
| 21:58 | Aron · first_building Siege Workshop |
| 22:38 | Potro Occidental · first_building Siege Workshop |
| 22:42 | Aron · wall_segment Stone Wall x1 |
| 24:14 | Potro Occidental · first_building Monastery |
| 24:53 | Potro Occidental · first_market_sell 100 food |
| 25:36 | Aron · wall_segment Stone Wall x1 |
| 25:51 | Potro Occidental · first_building Archery Range |
| 28:41 | Aron · age_up imperial |
| 28:48 | Potro Occidental · first_market_buy 100 wood |
| 28:50 | Potro Occidental · age_up imperial |
| 32:56 | Aron · first_building Barracks |
| 33:48 | Aron · first_building Archery Range |
| 38:50 | Potro Occidental · first_building Stable |
| 40:44 | Aron · resign |
[ AI ANALYSIS · 1 CREDIT ]
What really happened in this match?
Wolo.gg analyzes every decision: build order, eco, micro, common mistakes by bracket. Personalized analysis on WhatsApp or Discord in 30 seconds.
Civ guide
Hindustanis
Perfil
Aron